 Dungeon Crawl Stone Soup version 0.23-a0-650-ga4d50d4 (webtiles) character file.

258 Borgoz the Skirmisher (level 6, 0/39 HPs)
             Began as a Kobold Fighter on Jan 2, 2019.
             Was a Follower of Dithmenos.
             Slain by Duvessa
             ... wielding a +0 rapier
              (4 damage)
             ... on level 5 of the Dungeon.
             The game lasted 00:14:43 (3228 turns).

Borgoz the Skirmisher (Kobold Fighter)              Turns: 3228, Time: 00:14:44

Health: 0/39       AC:  7    Str: 13    XL:     6   Next: 40%
Magic:  6/6        EV: 12    Int: 10    God:    Dithmenos [*.....]
Gold:   106        SH:  0    Dex: 16    Spells: 5/5 levels left

rFire    + . .     SeeInvis .   a - +0 rapier
rCold    + . .     Gourm    .   (shield restricted)
rNeg     . . .     Faith    .   b - +1 scale mail
rPois    .         Spirit   .   (no helmet)
rElec    .         Reflect  .   e - scarf {rC+ rF+}
rCorr    .         Harm     .   (no gloves)
MR       .....                  (no boots)
Stlth    +.........             (no amulet)
HPRegen  0.13/turn              (no ring)
MPRegen  0.10/turn              (no ring)

@: wreathed by umbra
A: small, carnivore
a: Renounce Religion


You were on level 5 of the Dungeon.
You worshipped Dithmenos.
Dithmenos was aware of your devotion.
You were completely stuffed.

You visited 1 branch of the dungeon, and saw 5 of its levels.

You collected 106 gold pieces.

Inventory:

Hand Weapons
 a - a +0 rapier (weapon)
 m - a +0 antimagic dagger
 o - a +0 rapier
 u - a +0 blowgun
Missiles
 t - 3 curare-tipped needles
Armour
 b - a +1 scale mail (worn)
 c - a +0 shield
 e - a scarf of resistance (worn)
Jewellery
 j - an uncursed amulet of magic regeneration
 k - a cursed ring of teleportation
Scrolls
 g - a scroll of fear
 i - 5 scrolls of identify
 l - 2 scrolls of teleportation {unknown}
 n - 2 scrolls of blinking {unknown}
 p - a scroll of random uselessness {unknown}
 q - a scroll of remove curse {unknown}
 w - a scroll of enchant armour
Potions
 d - a potion of might
 h - 4 potions of curing
 s - a potion of degeneration {unknown}
 v - a potion of resistance {unknown}
Comestibles
 f - 7 rations
 r - 2 chunks of flesh


   Skills:
 + Level 4.4 Fighting
 + Level 4.3 Short Blades
 + Level 3.2 Armour
 + Level 2.8 Dodging
 + Level 3.5 Stealth
 - Level 2.4 Shields


You had 5 spell levels left.
You didn't know any spells.
Your spell library contained the following spells:

 Spells                   Type           Power        Failure   Level  Hunger
 Magic Dart               Conj           #...         86%         1    ##.....
 Blink                    Tloc           N/A          95%         2    ###....
 Call Imp                 Summ           #.......     95%         2    ###....
 Slow                     Hex            #.......     95%         2    ###....
 Conjure Flame            Conj/Fire      #.......     99%         3    ####...
 Mephitic Cloud           Conj/Pois/Air  #.......     99%         3    ####...


Dungeon Overview and Level Annotations

Branches:
Dungeon (5/15)
 Temple: D:4-7

Altars:
Dithmenos
Xom

Annotations:
D:5 Dowan, Duvessa


Innate Abilities, Weirdness & Mutations

You are small and have problems with some larger weapons.
You are carnivorous and can eat meat at any time.


Message History

You hit Duvessa but do no damage.
Duvessa is heavily wounded.
Duvessa barely misses you.
Dowan points at you and mumbles some strange words.
You resist with some effort.
You hit Duvessa.
Duvessa is heavily wounded.
Duvessa hits you but does no damage. x2
You barely miss Duvessa.
Duvessa is heavily wounded.
Dowan closely misses you. Duvessa hits you with a +0 rapier.
* * * LOW HITPOINT WARNING * * *
Duvessa barely misses you. Dowan hits you but does no damage.
You climb downwards.
You hear the hiss of flowing sand.
There is an entrance to an ossuary on this level.
Hurry and find it before the
Found 7 bolts.
There is a stone staircase leading up here.
Duvessa hits you with a +0 rapier.
You die... ###### #.ee@# #.####

You could see Duvessa and Dowan.

Vanquished Creatures
  2 orc wizards (D:3)
  A worker ant (D:3)
  2 hound skeletons (D:4)
  A worker ant zombie (D:2)
  A gnoll (D:1)
  3 adders
  4 oozes
  7 worms
  4 dart slugs (D:2)
  A leopard gecko (D:2)
  An orc (D:3)
  6 giant cockroaches
  9 goblins
  3 hobgoblins
  2 jackals (D:3)
  4 kobolds
  3 ball pythons
  7 bats
  2 frilled lizards
  2 rats
  2 bushes (D:1)
  2 plants (D:1)
69 creatures vanquished.

Vanquished Creatures (others)
  An orc wizard (D:3)
1 creature vanquished.

Grand Total: 70 creatures vanquished

Notes
Turn   | Place    | Note
-------+----------+-------------------------------------------
     0 | D:1      | Borgoz the Kobold Fighter began the quest for the Orb.
     0 | D:1      | Reached XP level 1. HP: 14/14 MP: 1/1
   165 | D:1      | Reached XP level 2. HP: 19/19 MP: 2/2
   186 | D:1      | Reached skill level 1 in Stealth
   194 | D:1      | Reached skill level 1 in Dodging
   195 | D:1      | Reached XP level 3. HP: 8/23 MP: 3/3
  1612 | D:2      | Reached XP level 4. HP: 19/29 MP: 4/4
  1663 | D:2      | Found a shimmering altar of Xom.
  1853 | D:2      | Found a shadowy altar of Dithmenos.
  1858 | D:2      | Became a worshipper of Dithmenos the Shadowed
  2058 | D:2      | Reached XP level 5. HP: 21/33 MP: 5/5
  2941 | D:3      | Reached XP level 6. HP: 22/38 MP: 6/6
  2978 | D:3      | Reached * piety under Dithmenos
  3195 | D:4      | Noticed Dowan
  3197 | D:4      | Noticed Duvessa
  3227 | D:5      | Entered Level 5 of the Dungeon
  3228 | D:5      | Slain by Duvessa

Vault maps used:
D:1:      minmay_arrival_jagged, serial_forest, infiniplex_forest_split,
          infiniplex_forest_lined_1, infiniplex_forest_end_1,
          infiniplex_forest_straight_3, infiniplex_forest_end_2,
          infiniplex_forest_zigzag_1, infiniplex_forest_end_3,
          infiniplex_forest_straight_4, infiniplex_forest_clump_curved,
          serial_bayou_pond_d, minmay_tetromino_l4
D:2:      lemuel_crystal_altar, grunt_dithmenos_smoke_and_mirrors, first_ration
D:3:      grunt_ministairs_10
D:4:      black_bear_nest_2, nicolae_overflow_crystal_walls, uniq_duvessa
D:5:      nicolae_ossuary_entry_monument, serial_shops, nicolae_shop_trees,
          minmay_fractal_squares_5, uniq_blork_the_orc

Skill      XL: |  1  2  3  4  5 |
---------------+----------------+-----
Stealth        | 1 2 3 |  3.5
Short Blades   | 3 4 |  4.3
Dodging        | 1 2 |  2.8
Armour         | 3 |  3.2
Fighting       | 4 |  4.4
Shields        | |  2.4

Action                   |  1- 3 |  4- 6 || total
-------------------------+-------+-------++-------
Melee: Rapier            |   632 |   244 ||   876
  Use: Scroll            |     4 |       ||     4
       Potion            |       |     1 ||     1
  Eat: Chunk             |     1 |    15 ||    16
       Ration            |     1 |       ||     1
Armor: Scale mail        |    55 |    88 ||   143
Dodge: Dodged            |    64 |   164 ||   228

Table legend:
 A = Non-vault XP
 B = Vault XP
 C = Vault XP percentage of total XP
 D = Non-vault monster count
 E = Vault monster count
 F = Vault count percentage of total count
                 A         B        C        D         E       F
            +---------+---------+-------+---------+---------+-------
      Total |     344 |      25 |   6.8 |      57 |       8 |  12.3
            +---------+---------+-------+---------+---------+-------
        D:1 |      23 |      20 |  46.5 |      10 |       5 |  33.3
        D:2 |      99 |       0 |   0.0 |      28 |       0 |   0.0
        D:3 |     181 |       5 |   2.7 |      16 |       3 |  15.8
        D:4 |      41 |       0 |   0.0 |       3 |       0 |   0.0
            +---------+---------+-------+---------+---------+-------
